 Dungeon Crawl Stone Soup version 0.26-a0-21-gf97e55dc39 (webtiles) character file.

Game seed: 17497783195018932358, levelgen mode: deterministic

175 Esekla the Slasher (level 5, -4/34 HPs)
             Began as an Octopode Warper on May 26, 2020.
             Killed from afar by an orc wizard (7 damage)
             ... with a magic dart
             ... on level 4 of the Dungeon.
             The game lasted 00:08:58 (1463 turns).

Esekla the Slasher (Octopode Warper)                Turns: 1463, Time: 00:08:59

Health: -4/34      AC:  1    Str: 10    XL:     5   Next: 55%
Magic:  8/8        EV: 14    Int: 15    God:
Gold:   153        SH:  0    Dex: 13    Spells: 4/8 levels left

rFire    . . .     SeeInvis .   a - +0 falchion
rCold    . . .     Gourm    .   (no shield)
rNeg     . . .     Faith    .   (helmet restricted)
rPois    .         Spirit   .   (no amulet)
rElec    .         Reflect  .   (no ring)
rCorr    .         Harm     .   (no ring)
MR       .....                  (no ring)
Stlth    +++.......             (no ring)
HPRegen  0.11/turn              (no ring)
MPRegen  0.11/turn              (no ring)
                                (no ring)
                                (no ring)

@: no status effects
A: almost no armour, stealthy swim, amphibious, 8 rings, constrict 8, camouflage
1, gelatinous body 1
a: no special abilities


You were on level 4 of the Dungeon.
You were very hungry.

You visited 1 branch of the dungeon, and saw 4 of its levels.

You collected 153 gold pieces.

Inventory:

Hand Weapons
 a - a +0 falchion (weapon)
Missiles
 d - 5 boomerangs of dispersal
 e - 8 boomerangs
 p - 16 poisoned darts (quivered)
Scrolls
 b - 3 scrolls of identify {unknown}
 c - a scroll of blinking
 g - a scroll of random uselessness {unknown}
 h - 2 scrolls of teleportation {unknown}
 k - 3 scrolls of remove curse {unknown}
 n - a scroll of immolation {unknown}
Potions
 i - 3 potions of brilliance {unknown}
 j - a potion of cancellation {unknown}
 l - a potion of lignification {unknown}
 m - 4 potions of curing {unknown}
 o - a potion of degeneration {unknown}
Comestibles
 f - 5 rations


   Skills:
 + Level 2.1 Fighting
 * Level 3.8 Long Blades
 - Level 1.0 Throwing
 * Level 3.7 Dodging
 + Level 1.8 Stealth
 + Level 2.1 Spellcasting
 * Level 0.8 Charms
 * Level 3.3 Translocations


You had 4 spell levels left.
You knew the following spells:

 Your Spells              Type           Power        Failure   Level  Hunger
a - Shroud of Golubria    Chrm/Tloc      #.....       14%         2    ###....
b - Blink                 Tloc           N/A          9%          2    ###....

Your spell library contained the following spells:

 Spells                   Type           Power        Failure   Level  Hunger
 Gell's Gravitas          Tloc           ##........   17%         3    ###....
 Lesser Beckoning         Tloc           ##........   17%         3    ###....
 Teleport Other           Tloc           ##......     17%         3    ###....
 Passage of Golubria      Tloc           N/A          50%         4    #####..


Dungeon Overview and Level Annotations

Branches:
Dungeon (4/15)
 Temple: D:4-7

Altars:
Makhleb


Innate Abilities, Weirdness & Mutations

You cannot wear most types of armour.
You are very stealthy in the water. (Stealth+)
You are amphibious.
You can wear up to eight rings at the same time.
You can use your tentacles to constrict eight enemies at once.
Your skin changes colour to match your surroundings (Stealth+).
Your rubbery body absorbs attacks. (AC +1, EV +1)


Message History

You hit the orc wizard. Your grab misses the orc wizard.
The orc wizard is moderately wounded.
You constrict the orc wizard.
The orc wizard hits you with a +0 dagger.
The orc wizard points at you and mumbles some strange words.
The puff of frost hits you.
* * * LOW HITPOINT WARNING * * *
The orc wizard hits you with a +0 dagger.
* * * LOW HITPOINT WARNING * * *
The orc wizard looks braver for a moment.
You hit the orc wizard. You grab the orc wizard.
The orc wizard is heavily wounded.
You constrict the orc wizard. x2
The orc wizard hits you but does no damage.
The orc wizard closely misses you.
The orc wizard casts a spell.
The orc wizard blinks free!
The orc wizard points at you and mumbles some strange words.
The magic dart hits you!
You die...

..# #.# #.# ..#.
#.#..... ####
#.#....#
....#.#..#.#.....#.
####o.#.#....#.......
#......§o..#.#.....#
#@#..#.#.....
#.#).#.#...#
#......#...#.#.
#......#.......
#.#..#.....#
#.#..#.#.......
#.#..#<#.#.#.##
#.#..#.#.. ..
#.#..#.###. .#


You could see 2 orc wizards.

Vanquished Creatures
  A hound (D:3)
  An orc wizard (D:4)
  Robin (D:1)
  4 adders
  A worm (D:3)
  A dart slug (D:2)
  3 leopard geckos
  An orc (D:3)
  7 bats
  3 giant cockroaches
  16 goblins
  6 hobgoblins
  5 kobolds
  A quokka (D:2)
  2 frilled lizards
  A quokka skeleton (D:3)
  4 rats
58 creatures vanquished.

Notes
Turn   | Place    | Note
-------+----------+-------------------------------------------
     0 | D:1      | Esekla the Octopode Warper began the quest for the Orb.
     0 | D:1      | Reached XP level 1. HP: 14/14 MP: 3/3
   164 | D:2      | Noticed Robin
   168 | D:2      | Reached XP level 2. HP: 19/19 MP: 5/5
   284 | D:1      | Learned a level 2 spell: Shroud of Golubria
   287 | D:1      | Learned a level 2 spell: Blink
   316 | D:1      | Killed Robin
   316 | D:1      | Reached XP level 3. HP: 21/24 MP: 6/6
   650 | D:2      | Reached XP level 4. HP: 25/29 MP: 7/7
  1042 | D:3      | Reached skill level 1 in Stealth
  1282 | D:3      | Reached XP level 5. HP: 24/34 MP: 8/8
  1283 | D:3      | Found a burning altar of Makhleb.
  1463 | D:4      | Killed from afar by an orc wizard

Illustrated notes

Levels and vault maps discovered:
D:1:      tarquinn_simple_flora_water_e, layout_basic, serial_glass,
          glass_columns_b, glass_columns_b, glass_columns_c, glass_columns_a,
          minmay_misc_feat_iff, st_stairs_12
D:2:      layout_rooms, uniq_robin
D:3:      layout_basic, makhleb_heckhound_becter
D:4:      layout_basic, elyvilon_altar_5, minmay_temple_entry_grid,
          first_ration, nicolae_ossuary_entry_plus, uniq_eustachio,
          uniq_grinder, uniq_duvessa

Skill      XL: |  1  2  3  4 |
---------------+-------------+-----
Dodging        | 3 |  3.7
Stealth        | 1 |  1.8
Long Blades    | 3 |  3.8
Fighting       | |  2.1
Throwing       | |  1.0
Spellcasting   | |  2.1
Charms         | |  0.8
Translocations | |  3.3

Action                   |  1- 3 |  4- 6 || total
-------------------------+-------+-------++-------
Melee: Falchion          |    60 |    54 ||   114
       Tentacles         |    19 |     9 ||    28
       Constrict         |    18 |    16 ||    34
Throw: Boomerang         |       |     1 ||     1
 Cast: Shroud of Golubri |     3 |     4 ||     7
 Stab: Sleeping          |     3 |     4 ||     7
  Eat: Chunk             |       |     1 ||     1
Armor: Skin              |     4 |       ||     4
Dodge: Dodged            |    54 |    29 ||    83
       Rpst.: Falchion   |    17 |     8 ||    25

Table legend:
 A = Non-vault XP
 B = Vault XP
 C = Vault XP percentage of total XP
 D = Non-vault monster count
 E = Vault monster count
 F = Vault count percentage of total count
                 A         B        C        D         E       F
            +---------+---------+-------+---------+---------+-------
      Total |     166 |      85 |  33.9 |      42 |      16 |  27.6
            +---------+---------+-------+---------+---------+-------
        D:1 |      16 |      23 |  59.0 |      10 |       5 |  33.3
        D:2 |      43 |      19 |  30.6 |      16 |      10 |  38.5
        D:3 |      65 |      43 |  39.8 |      15 |       1 |   6.2
        D:4 |      42 |       0 |   0.0 |       1 |       0 |   0.0
            +---------+---------+-------+---------+---------+-------
